AoeStats
← Corsican Pirate

Arena

510915596Analyzed
4v4 RM · 9h ago on Oct 3, 2026· 43m 9s· 8 players
Game mode
Random Map
Map size
Large (8 player)
Population
200
Speed
Normal
Resources
Standard
Victory
Conquest
Starting age
Dark Age
Ending age
Imperial Age
RankedLock teamsTeams togetherTeam positionsShared explorationLock speedFull tech treeHidden civsTurbo modeCheats
Victory
Defeat
🇺🇸 Georgians · United States
1336
+18
🇲🇽 Bengalis · Mexico
1308
+19
🇲🇽 Lithuanians · Mexico
1300
+19
🇲🇽 Byzantines · Mexico
1288
+19
🇨🇴 Khmer · Colombia
1405
-21
🇺🇸 Persians · United States
1404
-20
🇺🇸 Mapuche · United States
1358
-18
🇦🇷 Khmer · Argentina
1311
-16
Glamdring
3:44 Loom
11:00 Feudal Age
12:34 Double-Bit Axe
15:29 Castle Age
13:45 Horse Collar
15:04 Bloodlines
16:37 Scale Barding Armor
18:59 Forging
23:04 Chain Barding Armor
24:20 Husbandry
26:25 Iron Casting
36:00 Bow Saw
36:46 Wheelbarrow
35:56 Loom
36:35 Gold Mining
42:00 Imperial Age
40:26 Hand Cart
40:25 Heavy Plow
41:27 Stone Mining
41:32 Fletching
41:43 Padded Archer Armor
41:30 Arson
42:09 Cavalier
43:12 Town Watch
43:58 Crop Rotation
44:30 Two-Man Saw
44:08 Stone Shaft Mining
Corsican Pirate
10:57 Feudal Age
9:13 Loom
15:03 Castle Age
13:43 Double-Bit Axe
15:25 Horse Collar
19:44 Pikeman
23:05 Wheelbarrow
23:25 Scale Mail Armor
24:03 Forging
25:03 Hand Cart
26:09 Chain Mail Armor
26:59 Redemption
32:45 Imperial Age
31:01 Iron Casting
35:29 Arson
35:45 Squires
36:21 Gambesons
37:36 Plate Mail Armor
37:42 Capped Ram
40:02 Bow Saw
40:57 Halberdier
42:08 Siege Ram
OfFspRlNg
10:17 Feudal Age
11:29 Horse Collar
14:40 Castle Age
13:58 Double-Bit Axe
17:31 Scale Barding Armor
20:54 Bloodlines
22:34 Bow Saw
22:42 Husbandry
23:21 Heavy Plow
25:34 Wheelbarrow
25:46 Chain Barding Armor
25:42 Stone Mining
26:46 Hand Cart
31:21 Imperial Age
28:50 Gold Mining
29:39 Loom
30:32 Forging
31:53 Iron Casting
30:39 Pikeman
31:53 Squires
31:38 Arson
31:51 Halberdier
31:54 Cavalier
34:32 Plate Barding Armor
34:42 Conscription
35:17 Scale Mail Armor
35:37 Treadmill Crane
38:40 Chain Mail Armor
39:25 Blast Furnace
41:50 Light Cavalry
43:02 Plate Mail Armor
41:57 Elite Monaspa
42:23 Spies/Treason
Gúthwinë
10:34 Feudal Age
8:49 Loom
14:09 Castle Age
14:19 Double-Bit Axe
16:59 Redemption
18:48 Sanctity
19:21 Fervor
22:01 Town Watch
23:06 Horse Collar
24:46 Wheelbarrow
26:03 Forging
25:29 Pikeman
27:18 Iron Casting
35:00 Imperial Age
35:05 Man-at-Arms
35:06 Halberdier
37:10 Blast Furnace
36:19 Gambesons
37:19 Long Swordsman
38:45 Squires
39:41 Scale Mail Armor
39:36 Arson
39:14 Two-Handed Swordsman
40:18 Champion
41:43 Chain Mail Armor
41:47 Spies/Treason
chiwire
10:34 Feudal Age
14:31 Castle Age
12:44 Double-Bit Axe
12:47 Horse Collar
15:17 Bow Saw
18:59 Heavy Plow
21:53 Loom
22:10 Gold Mining
22:47 Stone Mining
24:07 Wheelbarrow
26:49 Gold Shaft Mining
26:51 Stone Shaft Mining
29:21 Imperial Age
27:26 Scale Barding Armor
27:32 Forging
28:41 Hand Cart
28:49 Chain Barding Armor
29:09 Bloodlines
29:01 Husbandry
29:38 Iron Casting
29:18 Cavalier
31:10 Light Cavalry
33:16 Plate Barding Armor
33:42 Blast Furnace
33:15 Hussar
34:08 Devotion
34:58 Savar
35:55 Heavy Camel Rider
37:22 Town Watch
el_Feist
10:41 Feudal Age
14:56 Castle Age
13:32 Double-Bit Axe
13:30 Horse Collar
15:59 Bow Saw
21:10 Loom
22:09 Wheelbarrow
33:21 Wheelbarrow
FIERRO
9:22 Feudal Age
12:22 Castle Age
11:08 Double-Bit Axe
20:01 Wheelbarrow
21:14 Loom
21:53 Bloodlines
22:31 Forging
22:27 Scale Barding Armor
23:03 Husbandry
23:02 Horse Collar
23:33 Bow Saw
26:49 Gold Mining
27:28 Devotion
28:16 Iron Casting
32:52 Pikeman
CTM | Franco*
9:41 Feudal Age
8:23 Loom
14:20 Castle Age
14:08 Double-Bit Axe
20:49 Bow Saw
23:22 Horse Collar
26:36 Heavy Plow
29:07 Wheelbarrow
28:17 Town Watch
29:24 Ballistics
31:43 Wheelbarrow
30:54 Town Watch
32:47 Hand Cart
Connection lost

Rejoining the realm…

Still unreachable

The connection could not be restored.

Session expired

The server has moved on; the page needs a fresh start.